[Event "*** Titled Tuesday 3|2 Blitz"]
[Site "Chess.com"]
[Date "2015.06.02"]
[Round "2"]
[White "aripov96"]
[Black "WGMCarlaHeredia"]
[Result "1-0"]
[WhiteElo "2270"]
[BlackElo "2062"]
[TimeControl "180+2"]
[EndTime "11:21:26 PDT"]
[Termination "aripov96 won by resignation"]

1. e4 c6 2. Nc3 d5 3. d4 dxe4 4. Nxe4 Bf5 5. Ng3 Bg6 6. h4 h6 7. Nh3 e6 8. Nf4 Bh7 9. c3 Nf6 10. Bc4 Nd5 11. Qe2 Nxf4 12. Bxf4 Bd6 13. Bxd6 Qxd6 14. Nh5 O-O 15. Qg4 Bg6 16. Nxg7 Kxg7 17. h5 Nd7 18. hxg6 fxg6 19. O-O Rae8 20. Rae1 e5 21.
g3 e4 22. Kg2 Nf6 23. Qh4 h5 24. Be2 c5 25. dxc5 Qxc5 26. Bd1 Qc6 27. Kg1 Re5 28.
Qf4 Nd5 29. Qxe5+ Nf6 30. Bc2 Re8 31. Qd4 Qe6 32. Bb3 Qh3 33. Re3 Rf8 34. f4 Kh6 35.
Qd6 Ng4 36. Qxf8+ 1-0

[Event "*** Titled Tuesday 3|2 Blitz"]
[Site "Chess.com"]
[Date "2015.06.02"]
[Round "2"]
[White "zmaj23"]
[Black "Yaacovn"]
[Result "1-0"]
[WhiteElo "2416"]
[BlackElo "2566"]
[TimeControl "180+2"]
[EndTime "11:21:31 PDT"]
[Termination "zmaj23 won by resignation"]

1. e4 c6 2. Nc3 d5 3. Nf3 dxe4 4. Nxe4 Nf6 5. Qe2 Nxe4 6. Qxe4 Qd5 7. Qh4 Qe6+ 8. Be2 Qg4 9. Qg3 Qxg3 10. hxg3 g6 11. d4 Nd7 12. c4 Bg7 13. Be3 O-O 14. O-O-O e5 15. d5 cxd5 16. Rxd5 Nf6 17. Rxe5 Ng4 18.
Rd5 Be6 19. Rb5 Nxe3 20. fxe3 b6 21. Nd4 Rfe8 22. Nxe6 Rxe6 23. Rb3 Rae8 24. Kd2 h5 25. Bf3 Be5 26. g4 Rd6+ 27. Kc2 hxg4 28. Bxg4 Red8 29. Rd1 Rxd1 30. Bxd1 Kg7 31. Bf3 f5 32. Rb5 Kf6 33. Rd5 Rc8 34. b3 a5 35. a4 Rc5 36. Rd7 Rc7 37. Rd8 Re7 38. Bd5 Bg3 39.
Kd3 g5 40. Rf8+ Kg6 41. e4 f4 42. Rd8 Bf2 43. Ke2 Bc5 44. Kf3 Kf6 45. Kg4 Ke5 46.
Rg8 Be3 47. Rxg5+ Kd4 48. Kf3 Kc3 49. g3 Bc5 50. gxf4 Kxb3 51. f5 Kxa4 52. f6 Re8 53. Bc6+ 1-0

[Event "*** Titled Tuesday 3|2 Blitz"]
[Site "Chess.com"]
[Date "2015.06.02"]
[Round "2"]
[White "Fh2411"]
[Black "Tal-Baronfew"]
[Result "0-1"]
[WhiteElo "2115"]
[BlackElo "2397"]
[TimeControl "180+2"]
[EndTime "11:21:40 PDT"]
[Termination "Tal-Baronfew won on time"]

1. d4 Nf6 2. Bf4 g6 3. e3 Bg7 4. Nf3 O-O 5. h3 d6 6. Be2 Nbd7 7. O-O Re8 8. c4 e5 9. dxe5 Nh5 10. Bg5 f6 11.
exf6 Nhxf6 12. Nc3 h6 13. Bh4 g5 14. Bg3 Nc5 15. Nd4 Qe7 16. Rc1 Qf7 17. b3 Bd7 18. Bf3 Rab8 19. Nd5 Nfe4 20. Nxc7 Rec8 21. Nd5 Nxg3 22.
fxg3 Qe8 23. Bh5 Qe5 24. Bf7+ Kh8 25. Kh2 Ne4 26. Qf3 Nd2 27. Qh5 Rf8 28. Rf2 Ne4 29. Rf3 Bc6 30. Rcf1 Bxd5 31. Bxd5 Nxg3 32. Rxg3 Rxf1 33. Nf3 Qe8 34. Bf7 Qxe3 35. Rxg5 Rxf3 36. Rxg7 Qf4+ 0-1

[Event "*** Titled Tuesday 3|2 Blitz"]
[Site "Chess.com"]
[Date "2015.06.02"]
[Round "2"]
[White "Tirantes"]
[Black "wonderfultime"]
[Result "0-1"]
[WhiteElo "2117"]
[BlackElo "2517"]
[TimeControl "180+2"]
[EndTime "11:21:40 PDT"]
[Termination "wonderfultime won by resignation"]

1. c4 c6 2. d4 d5 3. e3 Nf6 4.
Nf3 Bf5 5. Nc3 e6 6. Nh4 Be4 7. f3 Bg6 8. Qb3 Qb6 9. Bd2 Qxb3 10. axb3 Bc2 11. c5 g5 12. b4 gxh4 13. b5 Nfd7 14. Kf2 e5 15. b4 Bg7 16. Rc1 exd4 17.
Rxc2 dxc3 18. Bxc3 Bxc3 19. Rxc3 Nf6 20. Be2 cxb5 21.
Bxb5+ Nc6 22. Rb1 Ke7 23. Bf1 Rhc8 24. b5 Ne5 25. Rb4 Rc7 26. Rxh4 Rac8 27. g4 h6 28. Ra3 Rxc5 29. Rxa7 R8c7 30. Kg3 Rc3 31. b6 Rd7 32. Bb5 Nc6 33. Bxc6 Rxc6 34. Kf4 Rxb6 35. Rxh6 d4 36. g5 Nd5+ 37. Ke4 Rxh6 38. gxh6 dxe3 39. h7 Nf6+ 40. Kxe3 Nxh7 41. h4 Nf6 42. Kf4 Ke6 43. Kg5 Rd5+ 44. Kh6 Rb5 45. f4 Rb4 46. Kg7 Nh5+ 47. Kh6 Nxf4 48. h5 Rb5 49. Kg7 Nxh5+ 50. Kf8 f5 51. Ke8 f4 0-1

[Event "*** Titled Tuesday 3|2 Blitz"]
[Site "Chess.com"]
[Date "2015.06.02"]
[Round "2"]
[White "Zvonokchess"]
[Black "Recombinant"]
[Result "1-0"]
[WhiteElo "2530"]
[BlackElo "2104"]
[TimeControl "180+2"]
[EndTime "11:21:48 PDT"]
[Termination "Zvonokchess won by checkmate"]

1. e4 c5 2. Nf3 d6 3. Bb5+ Bd7 4. Bxd7+ Qxd7 5. c4 Nc6 6. d4 cxd4 7. Nxd4 Nf6 8. Nc3 e6 9. Be3 Be7 10. O-O O-O 11. Rc1 a6 12. a4 Rfd8 13. Re1 Rac8 14. b3 Qc7 15. f4 Nd7 16. Nd5 exd5 17. cxd5 Nc5 18. dxc6 Nxe4 19. Nf5 d5 20. Bd4 Bf8 21. Qg4 g6 22.
Qh4 f6 23. Nh6+ Bxh6 24. Qxh6 bxc6 25. f5 Qf7 26. Re3 g5 27. Bb6 Re8 28. h4 Nd6 29.
hxg5 Rxe3 30. Bxe3 Nxf5 31. Qh3 Nxe3 32. Qxc8+ Kg7 33.
Rxc6 Qh5 34. Qd7+ Kg6 35. Rxf6+ Kxg5 36. Qg7+ Kh4 37. Rf4+ Ng4 38. Qe7+ Kg3 39. Rf3# 1-0

[Event "*** Titled Tuesday 3|2 Blitz"]
[Site "Chess.com"]
[Date "2015.06.02"]
[Round "2"]
[White "GasconJR"]
[Black "MattyDPerrine"]
[Result "1-0"]
[WhiteElo "2306"]
[BlackElo "2244"]
[TimeControl "180+2"]
[EndTime "11:21:56 PDT"]
[Termination "GasconJR won by resignation"]

1. e4 c5 2. Nf3 e6 3. d4 cxd4 4. Nxd4 Nc6 5. Nc3 Qc7 6. Ndb5 Qb8 7. Be3 a6 8. Bb6 axb5 9. Nxb5 Bb4+ 10. c3 Ba5 11. Nc7+ Qxc7 12. Bxc7 Bxc7 13. Qg4 g6 14. Bb5 Nf6 15. Qf3 Ke7 16. O-O g5 17. a4 Ne5 18.
Qe2 Ng6 19. Rad1 d5 20. exd5 Nxd5 21. g3 Nf6 22. Qc4 Bd6 23. Rxd6 Kxd6 24. Qd4+ Nd5 25. c4 Ke7 26. cxd5 exd5 27. Qxd5 h6 28. Re1+ Be6 29. Qxb7+ Kf6 30. Qf3+ Kg7 31. b4 g4 32. Qc3+ Kh7 33. Rxe6 fxe6 34. Qc7+ Kg8 35. Bc4 Nf8 36. Qc6 Rd8 37.
a5 Rh7 38. b5 Rhd7 39. b6 Rd6 40.
Qe4 Rd4 41. Bxe6+ Nxe6 42. Qxe6+ Kg7 43. b7 R4d6 44. Qxd6 Rxd6 45. b8=Q Rd1+ 46. Kg2 Rd7 47. a6 1-0

[Event "*** Titled Tuesday 3|2 Blitz"]
[Site "Chess.com"]
[Date "2015.06.02"]
[Round "2"]
[White "amandarm"]
[Black "Colombiano07"]
[Result "1-0"]
[WhiteElo "2066"]
[BlackElo "1982"]
[TimeControl "180+2"]
[EndTime "11:21:56 PDT"]
[Termination "amandarm won by resignation"]

1. d4 d6 2. c4 Nf6 3. Nc3 Nbd7 4. Nf3 e5 5. g3 Be7 6. Bg2 O-O 7. O-O c6 8. dxe5 dxe5 9. b3 Qc7 10. Bb2 Re8 11.
Qc2 Bf8 12. Rfd1 a5 13. Rd2 Nc5 14. Rad1 Bg4 15. h3 Bh5 16. Na4 Nxa4 17. bxa4 Bc5 18.
Qb3 e4 19. Nd4 e3 20. fxe3 Qxg3 21. Rd3 Ne4 22. Rf1 Re5 23. Nf5 Rxf5 24. Rxf5 Bxe2 25. Be5 Bxe3+ 26. Rxe3 Qe1+ 27. Kh2 Nc5 28. Qb2 Qh4 29. Qxe2 g6 30. Rf4 Qg5 31. Rg4 Qh5 32. Bd4 Nd7 33.
Re8+ Rxe8 34. Qxe8+ Nf8 35. Rf4 g5 36. Rf5 Qg6 37. Be4 Qd6+ 38. Be5 Qd2+ 39. Kg3 Qe3+ 40. Bf3 Qe1+ 41. Kg4 Qg1+ 42. Kh5 1-0

[Event "*** Titled Tuesday 3|2 Blitz"]
[Site "Chess.com"]
[Date "2015.06.02"]
[Round "2"]
[White "Daniel_Fridman"]
[Black "Danirod"]
[Result "1-0"]
[WhiteElo "2572"]
[BlackElo "2395"]
[TimeControl "180+2"]
[EndTime "11:22:02 PDT"]
[Termination "Daniel_Fridman won by resignation"]

1. d4 Nf6 2. c4 e6 3. Nc3 Bb4 4. Qc2 O-O 5. e4 d5 6. e5 Ne4 7. a3 Bxc3+ 8. bxc3 c5 9. Bd3 Nc6 10. Ne2 cxd4 11. cxd4 Qa5+ 12. Kf1 f6 13. Bxe4 dxe4 14.
exf6 Rxf6 15. Be3 b6 16. h4 Bb7 17. Kg1 Ne7 18. Bg5 Rf7 19. Bxe7 Rxe7 20. Rh3 Rc8 21.
Rc3 Rec7 22. Rc1 Qh5 23. Nf4 Qf5 24. Qd2 h6 25. h5 Rf7 26. g3 e5 27. dxe5 Qxe5 28.
Qe3 Rcf8 29. c5 Rxf4 30. gxf4 Rxf4 31. Qe2 Rh4 32. Rg3 e3 33. c6 Qd5 34. Qf3 exf2+ 35.
Kg2 f1=Q+ 36. Kxf1 Rh1+ 37. Kg2 Bxc6 38. Rxc6 1-0

[Event "*** Titled Tuesday 3|2 Blitz"]
[Site "Chess.com"]
[Date "2015.06.02"]
[Round "2"]
[White "jcibarra"]
[Black "TheLancer"]
[Result "1-0"]
[WhiteElo "2542"]
[BlackElo "2369"]
[TimeControl "180+2"]
[EndTime "11:22:04 PDT"]
[Termination "jcibarra won by resignation"]

1. e4 c5 2. Nf3 g6 3. d4 cxd4 4. Nxd4 Bg7 5. Nc3 Nc6 6. Be3 Nf6 7. Bc4 O-O 8. Bb3 a5 9. O-O Nxd4 10. Bxd4 d6 11.
Qe2 Bd7 12. a4 Bc6 13. Rad1 Nd7 14. Bxg7 Kxg7 15. Qe3 Qb6 16. Qg5 f6 17. Qd2 Nc5 18. Qe3 Qb4 19. Rd4 Qb6 20. Rc4 Nd7 21. Rd4 Nc5 22. Rd2 Qb4 23. Nd5 Bxd5 24. exd5 Nxb3 25.
cxb3 Rf7 26. Rc1 Ra6 27. Rc7 Rb6 28. Rxe7 Qxb3 29. Rxf7+ Kxf7 30. Qe6+ Kg7 31. Qe7+ Kg8 32. Qxf6 Qxa4 33. Qe6+ Kg7 34. Qe7+ Kh6 35. Re2 Qd1+ 36.
Re1 Qd4 37. Qf8+ Kh5 38. Qf7 Rxb2 39. Qxh7+ Kg5 40. h4+ Kf5 41. Qd7+ Kf4 42. Qf7+ Kg4 43. Qf3+ Kxh4 44. Re4+ 1-0

[Event "*** Titled Tuesday 3|2 Blitz"]
[Site "Chess.com"]
[Date "2015.06.02"]
[Round "2"]
[White "HansCoolNiemann"]
[Black "Schemato"]
[Result "1/2-1/2"]
[WhiteElo "1948"]
[BlackElo "2052"]
[TimeControl "180+2"]
[EndTime "11:22:05 PDT"]
[Termination "Game drawn by agreement"]

1. d4 e6 2. c4 d5 3. Nf3 Nf6 4. g3 Be7 5. Bg2 O-O 6. O-O c6 7. Nc3 Nbd7 8. b3 b6 9. Qc2 Bb7 10. Bb2 Rc8 11. Rfd1 Qc7 12. e4 dxe4 13. Nxe4 Nxe4 14.
Qxe4 c5 15. Qe2 cxd4 16. Nxd4 Bxg2 17. Kxg2 Bf6 18. Rd2 Rfd8 19. Rad1 Nc5 20. Kg1 a6 21. Nf3 Bxb2 22. Rxb2 Rxd1+ 23. Qxd1 Rd8 24. Rd2 Rxd2 25. Qxd2 h6 26. Qd4 Qd7 27. Qxd7 Nxd7 28. Kf1 Kf8 29.
Ke2 Ke7 30. Kd3 Kd6 31. Nd2 f5 32. b4 Ne5+ 33. Ke2 Ng4 34. h3 Nf6 35. Ke3 e5 36. Nb3 Ne4 37. g4 g6 38. a4 Nc3 39. a5 bxa5 40. Nxa5 Na2 41. b5 axb5 42. cxb5 Kc5 43.
Nb7+ Kd5 44. Nd8 f4+ 45. Kd2 e4 46. b6 Nb4 47. b7 Na6 48. Nf7 h5 49. Nh8 hxg4 50.
hxg4 g5 51. Nf7 Kc6 52. Nxg5 e3+ 53. fxe3 fxe3+ 54. Kxe3 Kxb7 55. Ne6 Kc6 56. Kf4 Kd6 57. Kf5 Ke7 58. g5 Kf7 59. g6+ Kg8 60. Kf6 Nb8 61. Nc5 Nc6 62. g7 Nb4 63. Kg6 Nd5 64. Nd7 Ne7+ 65. Kf6 Nd5+ 66. Kg6 Ne7+ 67. Kh6 Nf5+ 68.
Kg6 Nxg7 69. Nf6+ Kf8 70. Nh7+ Ke7 1/2-1/2

[Event "*** Titled Tuesday 3|2 Blitz"]
[Site "Chess.com"]
[Date "2015.06.02"]
[Round "2"]
[White "gmsakk"]
[Black "Genghis_K"]
[Result "0-1"]
[WhiteElo "2431"]
[BlackElo "2546"]
[TimeControl "180+2"]
[EndTime "11:22:17 PDT"]
[Termination "Genghis_K won by checkmate"]

1. d4 Nf6 2. c4 e6 3. Nc3 Bb4 4. Nf3 b6 5. Qc2 Bb7 6. a3 Bxc3+ 7. Qxc3 d6 8. Bg5 h6 9. Bh4 g5 10. Bg3 Ne4 11. Qc2 h5 12. h4 g4 13. Nd2 Nxg3 14. fxg3 Qf6 15. e3 Nd7 16. Ne4 Qh6 17. Ng5 Ke7 18. d5 Ne5 19. Be2 f6 20. Nxe6 Qxe3 21. Rd1 Qxg3+ 22. Kf1 c5 23. Qd2 Bc8 24. Rc1 Bxe6 25.
Rc3 Qxc3 26. Qxc3 Bd7 27. Kf2 Rhg8 28. Rf1 Raf8 29. Kg1 Ng6 30. g3 Ne5 31. b4 f5 32.
Qe3 Rf6 33. Rb1 Rc8 34. Qg5 Be8 35. Qg7+ Bf7 36. Qg5 Rg8 37. Qe3 Rc8 38. Rf1 Kf8 39. Bd3 Bg6 40. Qg5 Kg7 41. Bxf5 Rcf8 42. bxc5 bxc5 43.
Bd3 Nxd3 44. Rxf6 Rxf6 45. Qd2 Ne5 46. Qa5 Nf3+ 47. Kf2 Nd4+ 48. Kg1 Ne2+ 49. Kg2 Be4+ 50. Kh2 Rf2# 0-1

[Event "*** Titled Tuesday 3|2 Blitz"]
[Site "Chess.com"]
[Date "2015.06.02"]
[Round "2"]
[White "MartinZumsande"]
[Black "NFork"]
[Result "1-0"]
[WhiteElo "2339"]
[BlackElo "2072"]
[TimeControl "180+2"]
[EndTime "11:22:18 PDT"]
[Termination "MartinZumsande won on time"]

1. e4 Nf6 2. e5 Nd5 3. Nc3 e6 4. d4 d6 5. Ne4 dxe5 6. dxe5 Nc6 7. Nf3 Ndb4 8. Qe2 b6 9. a3 Nd5 10. g3 Bb7 11. Bg2 h6 12. O-O Qc8 13. Rd1 Na5 14. Nfd2 Ne7 15. b4 Nac6 16. Bb2 Nf5 17. c4 a5 18. g4 Nfd4 19. Qd3 Nxe5 20. Qxd4 Nxg4 21. c5 f5 22. h3 e5 23. Qc3 fxe4 24. hxg4 Qxg4 25.
Qxe5+ Be7 26. Nxe4 O-O 27. Qxe7 Rae8 28. Qxg7+ Qxg7 29. Bxg7 Kxg7 30. Rd7+ Rf7 31. Rxf7+ Kxf7 32. Nd6+ cxd6 33.
Bxb7 dxc5 34. bxc5 bxc5 35. Rc1 Re5 36. Ba6 Ke6 37.
a4 Kd6 38. Bb5 Re4 39. Kg2 Kd5 40. Rd1+ Rd4 41. Rxd4+ Kxd4 42. f4 c4 43. Kf3 c3 44.
Ke2 Ke4 45. Be8 Kxf4 46. Kd3 Ke5 47. Kxc3 Kd5 48. Bh5 Kc5 49. Bf3 Kb6 50. Kc4 1-0

[Event "*** Titled Tuesday 3|2 Blitz"]
[Site "Chess.com"]
[Date "2015.06.02"]
[Round "2"]
[White "Philofive"]
[Black "PowerThinking2650"]
[Result "1/2-1/2"]
[WhiteElo "2212"]
[BlackElo "2065"]
[TimeControl "180+2"]
[EndTime "11:22:23 PDT"]
[Termination "Game drawn by agreement"]

1. d4 Nf6 2. Bg5 g6 3. Bxf6 exf6 4. g3 Bg7 5. Bg2 O-O 6. e3 f5 7.
Ne2 d6 8. c4 c6 9. Nbc3 Nd7 10.
O-O h5 11. Qd3 h4 12. b4 hxg3 13. hxg3 a6 14. a4 Nf6 15. b5 axb5 16. axb5 Bd7 17.
Bf3 Re8 18. Rfb1 Qe7 19. bxc6 bxc6 20. Rxa8 Rxa8 21. Kg2 Qe8 22. Rb7 Qc8 23. Qb1 Qe8 24.
Qb6 Ne4 25. Qc7 Rd8 26. Na4 Bc8 27. Rb8 Bf6 28. d5 cxd5 29. cxd5 Ba6 30. Rxd8 Bxd8 31. Qb8 Kf8 32. Nac3 Nxc3 33. Nxc3 Be7 34. Qb6 Qc8 35. Qd4 Kg8 36. Be2 Bxe2 37. Nxe2 Qd8 38. Nf4 Bf6 39. Qc4 Kg7 40. Qc6 Be5 41. Nd3 Qe7 42.
Nxe5 Qxe5 43. Qc4 g5 44. Kf3 g4+ 45. Ke2 Qe4 46. Qc3+ Kg6 47. Qd4 Qf3+ 48. Ke1 Qh1+ 49. Ke2 1/2-1/2

[Event "*** Titled Tuesday 3|2 Blitz"]
[Site "Chess.com"]
[Date "2015.06.02"]
[Round "2"]
[White "Malev212"]
[Black "ruifeng"]
[Result "1-0"]
[WhiteElo "2207"]
[BlackElo "2039"]
[TimeControl "180+2"]
[EndTime "11:22:24 PDT"]
[Termination "Malev212 won by resignation"]

1. d4 d5 2. c4 c6 3. Nc3 Nf6 4. e3 e6 5. Nf3 Nbd7 6. Qc2 Bd6 7. Bd2 O-O 8. Rg1 e5 9. cxd5 cxd5 10. Nb5 Bb8 11. dxe5 Nxe5 12. Bc3 Re8 13. O-O-O Bg4 14.
Be2 a6 15. Nbd4 Bd6 16. h3 Bh5 17. Nf5 Bg6 18. g4 Rc8 19. Kb1 Nxf3 20. Bxf3 Bb4 21.
Rd3 Ne4 22. Bxe4 Rxe4 23. Rgd1 Bxc3 24. Rxc3 Rxc3 25. Qxe4 Rc5 26. Qd4 Bxf5+ 27. gxf5 b6 28. Rg1 f6 29. Rd1 Qe7 30. f3 Qe5 31. b4 Rb5 32. e4 a5 33. a3 axb4 34. a4 Rc5 35. Qxe5 fxe5 36. Rxd5 Rxd5 37. exd5 Kf7 38. Kc2 Ke7 39.
Kb3 Kd6 40. Kxb4 Kxd5 41. Kb5 e4 42. fxe4+ Kxe4 43. Kxb6 Kxf5 44. a5 g5 45. a6 h5 46. a7 g4 47. hxg4+ hxg4 48. a8=Q Kf4 49. Qg2 g3 50. Kc5 Kg4 51. Kd4 Kf4 52. Kd3 Kg4 53.
Ke3 Kh4 54. Kf3 1-0

[Event "*** Titled Tuesday 3|2 Blitz"]
[Site "Chess.com"]
[Date "2015.06.02"]
[Round "2"]
[White "Theladies"]
[Black "ChadaevNikolay"]
[Result "0-1"]
[WhiteElo "1592"]
[BlackElo "2643"]
[TimeControl "180+2"]
[EndTime "11:22:25 PDT"]
[Termination "ChadaevNikolay won on time"]

1. d4 Nf6 2. Bf4 g6 3. e3 Bg7 4. Nf3 O-O 5. h3 d6 6. Be2 Nc6 7. O-O Bf5 8. c3 Re8 9. a4 a5 10. Na3 h6 11. Nb5 Ne4 12. Bh2 Rc8 13. d5 Ne5 14. Nxe5 Bxe5 15. Bxe5 dxe5 16. Bg4 Bxg4 17. Qxg4 Nd6 18. Rfd1 Kg7 19. Qg3 f6 20. Qh4 Rf8 21. Qg4 h5 22. Qe6 Nf7 23. h4 Nd6 24. b3 Ra8 25. c4 Ne4 26. Rab1 b6 27. Qc6 Rc8 28. Na7 Rb8 29. Nb5 Kh7 30. Nxc7 Rc8 31. Ne6 Rxc6 32. Nxd8 Rc8 33. Ne6 Rfe8 34. Rd3 Kh6 35. f3 Nd6 36.
Rbd1 g5 37. hxg5+ fxg5 38. Kf2 Kg6 39. Ke2 h4 40. f4 e4 41. Rd4 g4 42. R4d2 Rh8 43. Rh1 Rh5 44. Kf2 Kf6 45. g3 hxg3+ 46. Kg2 Rxh1 47. Kxh1 Rh8+ 48. Kg1 Nf5 49. Ng5 Nxe3 50.
Nxe4+ Kf5 51. Nxg3+ Kxf4 52. Nf1 Nf5 53. Rf2+ Kg5 54.
Re2 Rh6 55. Re5 Kf4 56. Re2 Rh3 57. Rf2+ Kg5 58. Nd2 Re3 59. Kf1 g3 60. Re2 Rd3 61.
Ne4+ Kf4 62. Kg1 Rxb3 63. Nd2 Re3 64. Rxe3 Nxe3 0-1

[Event "*** Titled Tuesday 3|2 Blitz"]
[Site "Chess.com"]
[Date "2015.06.02"]
[Round "2"]
[White "WanderingPuppet"]
[Black "dabee"]
[Result "0-1"]
[WhiteElo "2139"]
[BlackElo "2371"]
[TimeControl "180+2"]
[EndTime "11:22:34 PDT"]
[Termination "dabee won on time"]

1. e4 e5 2. Nf3 Nc6 3. Bc4 Nf6 4. Ng5 d5 5. exd5 Na5 6. Bb5+ c6 7. dxc6 bxc6 8.
Be2 h6 9. Nh3 Bd6 10. O-O Bxh3 11. gxh3 O-O 12. Nc3 Re8 13. d3 Nd5 14. Ne4 Bc7 15.
Bh5 Qh4 16. Qg4 Qxg4+ 17. Bxg4 Nb4 18. Bd1 f5 19. Ng3 Rf8 20. a3 Nd5 21. Bf3 Rae8 22. Bd2 Nb7 23. Bh5 Re6 24. Rfe1 Kh7 25. Rad1 g6 26. Bf3 h5 27. Ne2 Bb6 28. c4 Nf6 29. Bb4 Rfe8 30. Bc3 a5 31. b4 axb4 32. axb4 Bc7 33.
Ra1 Nd6 34. Ra7 R8e7 35. Bxc6 e4 36. Nd4 Nc8 37. Rxc7 Rxc7 38. Nxe6 Rxc6 39. Nd4 Ra6 40. dxe4 Nxe4 41. Ba1 Ra2 42. Rf1 Nd2 43. Rd1 Nxc4 44. Nc6 N8d6 45. Bd4 Nd2 46. Bc5 N6e4 0-1

[Event "*** Titled Tuesday 3|2 Blitz"]
[Site "Chess.com"]
[Date "2015.06.02"]
[Round "2"]
[White "alexsuper1987"]
[Black "arnacman"]
[Result "1/2-1/2"]
[WhiteElo "2076"]
[BlackElo "2265"]
[TimeControl "180+2"]
[EndTime "11:22:37 PDT"]
[Termination "Game drawn - insufficient material"]

1. e4 c5 2. Nf3 d6 3. d4 cxd4 4. Nxd4 Nf6 5. Nc3 a6 6. Be3 e5 7.
Nb3 Be7 8. f3 Be6 9. Qd2 h5 10.
O-O-O Nbd7 11. Kb1 Rc8 12. Rg1 b5 13. a3 Qc7 14.
Be2 Nb6 15. Bxb6 Qxb6 16. g4 hxg4 17. fxg4 Kf8 18. g5 Nh5 19. Bxh5 Rxh5 20. g6 f6 21. Nd5 Qc6 22. Na5 Qc5 23. Nb7 Qd4 24. Nxe7 Qxd2 25. Rxd2 Kxe7 26. Nxd6 Rd8 27. Rgd1 Rhh8 28. Nf5+ Bxf5 29.
exf5 Rxd2 30. Rxd2 Rh4 31. b3 Rf4 32. Kb2 Rxf5 33.
Rg2 Ke6 34. c4 bxc4 35. bxc4 Rf4 36. Kb3 e4 37. Kc3 Ke5 38. c5 Kd5 39. c6 Kxc6 40. Kd4 f5 41. Ke5 Rf3 42. h4 e3 43. h5 Rf2 44. Rg1 Rh2 45. Kxf5 Rxh5+ 46. Kf4 Kd5 47. Kxe3 Rh3+ 48. Kf4 Rxa3 49. Re1 Kd6 50. Re8 Ra4+ 51. Kf5 Ra5+ 52. Kf4 Rb5 53. Ra8 a5 54. Ra7 Ke6 55. Rxg7 Kf6 56. Rg8 Rb4+ 57. Ke3 Rg4 58.
Ra8 a4 59. Kd3 Kxg6 60. Kc3 Kf6 61. Kb2 Ke5 62. Ka3 Kd5 63. Rxa4 Rg3+ 64. Kb2 Kc5 65.
Rf4 Rd3 66. Kc2 Rd4 67. Rxd4 Kxd4 1/2-1/2

[Event "*** Titled Tuesday 3|2 Blitz"]
[Site "Chess.com"]
[Date "2015.06.02"]
[Round "2"]
[White "AnastasiaProtopopova"]
[Black "ilmago"]
[Result "1-0"]
[WhiteElo "1948"]
[BlackElo "1866"]
[TimeControl "180+2"]
[EndTime "11:22:39 PDT"]
[Termination "AnastasiaProtopopova won by checkmate"]

1. Nf3 Nf6 2. c4 g6 3. Nc3 Bg7 4. e4 d6 5. d4 O-O 6. Be2 e5 7. O-O Nc6 8. d5 Ne7 9. b4 a5 10. Ba3 axb4 11. Bxb4 Nh5 12. g3 f5 13. Ng5 Nf6 14. Bf3 h6 15. Ne6 Bxe6 16. dxe6 Nc6 17. Rb1 Nd4 18. Nd5 Nxe6 19. exf5 gxf5 20. Nxf6+ Qxf6 21. Bxb7 Rxa2 22. Bd5 Kh8 23. c5 dxc5 24. Bxa2 cxb4 25.
Rxb4 f4 26. Qg4 Nd4 27. Rb7 Qc6 28. Rb3 Nxb3 29. Bxb3 Rf6 30. Rd1 fxg3 31. Rd8+ Bf8 32. hxg3 Qc1+ 33. Kg2 Qg5 34. Qc4 Qg7 35. Rd7 Qg6 36.
Rxc7 e4 37. Rc8 e3 38. fxe3 h5 39. Qd4 Kg7 40. Rc7+ Kh6 41. Bc2 Rd6 42. Qf4+ Qg5 43. Rh7# 1-0

[Event "*** Titled Tuesday 3|2 Blitz"]
[Site "Chess.com"]
[Date "2015.06.02"]
[Round "2"]
[White "RitvarsReimanis"]
[Black "kesarev"]
[Result "1-0"]
[WhiteElo "2342"]
[BlackElo "2145"]
[TimeControl "180+2"]
[EndTime "11:22:47 PDT"]
[Termination "RitvarsReimanis won by checkmate"]

1. d4 g6 2. Nf3 Bg7 3. g3 Nf6 4. Bg2 O-O 5. O-O d6 6. c4 Nc6 7. Bg5 a6 8. Nc3 Rb8 9. a4 a5 10. Rc1 h6 11. Bxf6 Bxf6 12. Qd2 Bg7 13. d5 Nb4 14. Nd4 Bd7 15. Nc2 c5 16. b3 Bxc3 17.
Qxc3 Na2 18. Qd2 Nxc1 19. Rxc1 Kh7 20. Re1 Qb6 21. Qc3 Rbe8 22. h4 e5 23. dxe6 Rxe6 24. e4 Bc6 25. f3 Rfe8 26. Rd1 Qd8 27. Ne3 Qf6 28. Qd2 b6 29. Qe2 h5 30. Bh3 Re5 31.
Kg2 Bxe4 32. fxe4 Rxe4 33. Rf1 Qe7 34. Qf2 Rxe3 35. Qxf7+ Qxf7 36. Rxf7+ Kh6 37. Rd7 Rd3 38. Kf2 Re5 39. Bg2 Rf5+ 40. Ke2 Rxg3 41. Bd5 Re5+ 42. Kf2 Rxb3 43. Bg8 g5 44. Rxd6+ Kg7 45. Bd5 g4 46. Rd7+ Kf6 47. Rh7 Rb2+ 48. Kg3 Kg6 49. Rh8 Re7 50.
Rg8+ Kh7 51. Rg5 Kh6 52. Rg8 Ra2 53. Kf4 Rxa4 54. Kf5 g3 55. Rh8+ Rh7 56. Rg8 Ra3 57.
Rg6# 1-0

[Event "*** Titled Tuesday 3|2 Blitz"]
[Site "Chess.com"]
[Date "2015.06.02"]
[Round "2"]
[White "geeeeri"]
[Black "GregShahade"]
[Result "1-0"]
[WhiteElo "2154"]
[BlackElo "2361"]
[TimeControl "180+2"]
[EndTime "11:22:51 PDT"]
[Termination "geeeeri won by resignation"]

1. e4 e5 2. Nf3 Nc6 3. Bc4 Bc5 4. d3 d6 5. c3 a6 6. b4 Ba7 7. O-O Nf6 8. Bb2 O-O 9. Nbd2 Be6 10. a4 Re8 11. h3 Qd7 12. Kh2 Nh5 13. Nh4 Nf4 14. Qf3 Ne7 15. d4 Bxc4 16. Nxc4 Qe6 17.
Ne3 g6 18. d5 Qf6 19. g3 Nh5 20. Qg4 Qg7 21. Qd7 Bb6 22. a5 Rad8 23. Qg4 Ba7 24. c4 Nf6 25. Qf3 Nd7 26. Qe2 Rf8 27. f4 f6 28. Ng4 h5 29. Ne3 Bxe3 30. Qxe3 g5 31. fxg5 fxg5 32. Nf3 g4 33. Ng5 Rxf1 34. Rxf1 Qh6 35. h4 Rf8 36. Rxf8+ Nxf8 37. Qf2 Qg7 38. c5 Neg6 39. Qf5 Qe7 40. Ba3 Kg7 41. c6 bxc6 42. dxc6 Qf6 43. b5 Qxf5 44. exf5 Ne7 45. Bxd6 cxd6 46.
c7 axb5 47. a6 Nc8 48. Ne4 b4 49. Nxd6 Nxd6 50. a7 b3 51. a8=Q b2 52. Qb8 Nd7 53. Qxb2 Kf6 54. Qd2 Ne4 55. Qxd7 1-0

[Event "*** Titled Tuesday 3|2 Blitz"]
[Site "Chess.com"]
[Date "2015.06.02"]
[Round "2"]
[White "HZMC92"]
[Black "grandmastergauri"]
[Result "0-1"]
[WhiteElo "2305"]
[BlackElo "2288"]
[TimeControl "180+2"]
[EndTime "11:22:52 PDT"]
[Termination "grandmastergauri won by resignation"]

1. d4 Nf6 2. c4 e6 3. Nf3 Bb4+ 4.
Bd2 Bxd2+ 5. Nbxd2 d5 6. Qc2 O-O 7. e3 c6 8. Bd3 Nbd7 9. O-O Qe7 10. Rfe1 dxc4 11. Nxc4 c5 12. Rad1 cxd4 13. exd4 Nb6 14.
Nxb6 axb6 15. a3 Qd6 16. Ng5 h6 17. Nf3 Bd7 18. Qb3 Ba4 19. Qc3 Bxd1 20. Rxd1 Rac8 21.
Qb3 Rfd8 22. h3 Nd5 23. Ne5 Nf4 24. Bf1 Qd5 25. Qg3 Nh5 26. Qe3 Nf6 27. Be2 Rc2 28.
Bf3 Qa2 29. Bxb7 Qxb2 30. Bf3 Rc3 31. Qe1 Qxa3 32. Ra1 Qb2 33. Rb1 Qc2 34. Rxb6 Qc1 35. Qxc1 Rxc1+ 36. Kh2 Rc7 37. Nc6 Rdc8 38. Ne5 g6 39.
Kg3 Kg7 40. Rb4 Nd7 41. Ng4 Rc4 42. Rb7 R8c7 43. Rb3 Rxd4 44. Ne3 Nf6 45. Kh2 Rd2 46.
Kg3 h5 47. h4 Rcd7 48. Rb6 R2d3 49. Be2 Rc3 50. Bf3 Nd5 51. Nd1 Rxf3+ 52. gxf3 Nxb6 53.
Ne3 Nd5 54. Ng2 Rb7 55. f4 Rb3+ 56. Kh2 Rf3 57. f5 Rxf5 58. Kg3 Nf6 59. f4 Ng4 60. Ne1 Rd5 61. Kf3 Rd1 62. Ng2 Rg1 63. f5 Rxg2 64.
fxg6 Rf2+ 65. Kg3 0-1

[Event "*** Titled Tuesday 3|2 Blitz"]
[Site "Chess.com"]
[Date "2015.06.02"]
[Round "2"]
[White "GMHess"]
[Black "9ShMat2"]
[Result "0-1"]
[WhiteElo "2474"]
[BlackElo "2481"]
[TimeControl "180+2"]
[EndTime "11:23:05 PDT"]
[Termination "9ShMat2 won by checkmate"]

1. b3 e5 2. Bb2 Nc6 3. e3 Nf6 4. Bb5 d6 5. Nf3 Be7 6. d4 e4 7. Nfd2 O-O 8. O-O Bd7 9. Be2 d5 10. c4 Bf5 11. Nc3 Bb4 12. Nxd5 Nxd5 13. cxd5 Ne7 14. a3 Bxd2 15. Qxd2 Nxd5 16. b4 c6 17. Rac1 Qg5 18. Rfe1 a6 19. Rc5 Rfe8 20. Bc1 Rad8 21.
f4 exf3 22. Bxf3 Be4 23. Qf2 Qg6 24. Bd2 Bxf3 25. Qxf3 Nf6 26. Rf1 Ne4 27. Be1 Nxc5 28. bxc5 Rd7 29. Bg3 Qe4 30. Bf4 f6 31. h4 Qxf3 32.
gxf3 g6 33. Kf2 Kf7 34. Rb1 Ke6 35. Ke2 Kf5 36. Kd3 g5 37. hxg5 fxg5 38. Bd6 h5 39.
Rh1 Rh7 40. e4+ Kg6 41. d5 Rf7 42. Rh3 g4 43. fxg4 hxg4 44. Rh1 Rf3+ 45. Kd4 Rxa3 46. Rb1 cxd5 47. exd5 Rae3 48. c6 b6 49. Rxb6 R8e4+ 50. Kc5 Rc3# 0-1